 Dungeon Crawl Stone Soup version 0.19.1-1-g22dce08 (webtiles) character file.

599 empire the Firebug (level 7, -9/46 HPs)
             Began as a Human Fire Elementalist on Jan 4, 2017.
             Mangled by an iguana (14 damage)
             ... on level 5 of the Dungeon.
             The game lasted 00:10:21 (4517 turns).

empire the Firebug (Human Fire Elementalist)        Turns: 4517, Time: 00:10:22

Health: -9/46      AC:  3    Str:  9    XL:     7   Next: 68%
Magic:  1/10       EV: 11    Int: 17    God:
Gold:   203        SH:  0    Dex: 13    Spells: 3 memorised, 2 levels left

rFire  . . .     SeeInvis .     a - +0 dagger
rCold  . . .     Gourm    .     n - +0 robe
rNeg   . . .     Faith    .     (no shield)
rPois  .         Spirit   .     (no helmet)
rElec  .         Reflect  .     q - +0 cloak
rCorr  .         Harm     .     (no gloves)
MR     .....                    (no boots)
Stlth  +.........               (no amulet)
                                (no ring)
                                (no ring)

@: lethally poisoned (-9 -> -11), heavily drained
A: no striking features
a: no special abilities


You were on level 5 of the Dungeon.
You were very hungry.

You visited 1 branch of the dungeon, and saw 5 of its levels.

You collected 203 gold pieces.

Inventory:

Hand Weapons
 a - a +0 dagger (weapon)
Armour
 m - a cursed +0 robe
 n - a +0 robe (worn)
 q - a +0 cloak (worn)
Jewellery
 i - an uncursed ring of poison resistance {unknown}
Wands
 f - a wand of flame (20/48)
Scrolls
 e - a scroll of immolation {unknown}
 g - 2 scrolls of teleportation {unknown}
 o - a scroll of amnesia {unknown}
 p - a scroll of enchant weapon {unknown}
 r - a scroll of identify {unknown}
 s - 2 scrolls of noise {unknown}
 t - a scroll of remove curse {unknown}
 u - a scroll of magic mapping {unknown}
 v - a scroll of recharging {unknown}
 x - a scroll of fog {unknown}
Potions
 h - a potion of agility
 j - a potion of haste
 l - a potion of brilliance {unknown}
 w - 2 potions of degeneration {unknown}
 z - a potion of curing
Books
 b - a book of Flames

   Spells                             Type                      Level
   a - Flame Tongue                   Conjuration/Fire             1
   b - Throw Flame                    Conjuration/Fire             2
   c - Conjure Flame                  Conjuration/Fire             3
   d - Inner Flame                    Hexes/Fire                   3
   e - Sticky Flame                   Conjuration/Fire             4
   f - Fireball                       Conjuration/Fire             5
Comestibles
 c - 3 bread rations
 d - 3 meat rations
 k - a fruit
 A - a beef jerky


   Skills:
 - Level 2.0(0.0) Dodging
 - Level 2.0(0.0) Stealth
 - Level 2.0(0.0) Spellcasting
 + Level 4.3(2.1) Conjurations
 - Level 3.5(1.4) Hexes
 + Level 4.8(2.6) Fire Magic
 - Level 3.0(0.9) Evocations


You had 2 spell levels left.
You knew the following spells:

 Your Spells              Type           Power        Failure   Level  Hunger
a - Flame Tongue          Conj/Fire      #....        12%         1    ##.....
b - Inner Flame           Hex/Fire       #.......     30%         3    ####...
c - Sticky Flame          Conj/Fire      #.......     89%         4    #####..


Dungeon Overview and Level Annotations

Branches:
Dungeon (5/15)
 Temple: D:4-7

Altars:
Cheibriados
Qazlal
The Shining One

Annotations:
D:3 Joat's ghost, amateur DrTm


Message History

You kill the scorpion!
The iguana barely misses you.
Casting: Flame Tongue
Confirm with . or Enter, or press ? or * to list all spells.
Aiming: Flame Tongue
Press: ? - help, Shift-Dir - straight line, f - iguana
Aim: an iguana The flame tongue hits the iguana.
The iguana is moderately wounded.
You feel sick. The iguana bites you!
* * * LOW HITPOINT WARNING * * *
Casting: Flame Tongue
Confirm with . or Enter, or press ? or * to list all spells.
Aiming: Flame Tongue
Press: ? - help, Shift-Dir - straight line, f/p - iguana
Aim: an iguana (moderately wounded)
The flame tongue hits the iguana.
The iguana appears unharmed.
The iguana is moderately wounded.
The iguana bites you!
You die...

####################
#...................
#......@l...<.......
#...................
#...<...##....##....
#.......##....# ...
#.............# .
................
.................
#.......##....##.


You could see an iguana.

Vanquished Creatures
  Grinder (D:4)
  An ogre (D:2)
  A scorpion (D:5)
  A howler monkey (D:4)
  A hound (D:4)
  Terence (D:2)
  2 worker ants (D:4)
  A hound skeleton (D:4)
  6 adders
  An ooze (D:1)
  6 dart slugs
  A leopard gecko (D:1)
  2 orcs
  3 giant cockroaches
  7 goblins
  5 hobgoblins
  3 jackals (D:2)
  6 kobolds
  A quokka (D:2)
  2 ball pythons
  6 bats (D:1)
  2 frilled lizards
  7 rats
67 creatures vanquished.

Vanquished Creatures (others)
  An ooze (D:2)
1 creature vanquished.

Grand Total: 68 creatures vanquished

Notes
Turn   | Place    | Note
-------+----------+-------------------------------------------
     0 | D:1      | empire the Human Fire Elementalist began the quest for the Orb.
     0 | D:1      | Reached XP level 1. HP: 13/13 MP: 3/3
   341 | D:1      | Reached XP level 2. HP: 19/19 MP: 3/5
   784 | D:1      | Reached XP level 3. HP: 24/24 MP: 2/6
   826 | D:1      | Learned a level 3 spell: Inner Flame
   918 | D:1      | Found a glowing golden altar of the Shining One.
  1658 | D:2      | Reached skill level 1 in Hexes
  1801 | D:2      | Found a snail-covered altar of Cheibriados.
  1806 | D:2      | Found a stormy altar of Qazlal.
  1818 | D:2      | Reached XP level 4. HP: 30/30 MP: 4/7
  1925 | D:2      | Noticed Terence
  1948 | D:2      | Killed Terence
  1948 | D:2      | Reached skill level 1 in Evocations
  2330 | D:2      | Reached XP level 5. HP: 34/35 MP: 3/8
  2687 | D:2      | Noticed an ogre
  2706 | D:2      | Killed an ogre
  2706 | D:2      | Reached XP level 6. HP: 21/41 MP: 0/9
  2865 | D:2      | Learned a level 4 spell: Sticky Flame
  3196 | D:3      | Noticed Joat's ghost (amateur DrTm)
  3859 | D:4      | Noticed Grinder
  3861 | D:4      | Paralysed by Grinder for 6 turns
  3875 | D:4      | Paralysed by Grinder for 3 turns
  3883 | D:4      | Killed Grinder
  3883 | D:4      | Reached XP level 7. HP: 28/46 MP: 0/10
  4500 | D:5      | Entered Level 5 of the Dungeon
  4517 | D:5      | Mangled by an iguana

Skill      XL: |  1  2  3  4  5  6 |
---------------+-------------------+-----
Conjurations   | 2 3 4 |  4.3
Hexes          | 1 2 3 |  3.5
Evocations     | 1 2 3 |  3.0
Fire Magic     | 4 |  4.8
Dodging        | |  2.0
Stealth        | |  2.0
Spellcasting   | |  2.0

Action                   |  1- 3 |  4- 6 |  7- 9 || total
-------------------------+-------+-------+-------++-------
Melee: Unarmed           |    13 |       |       ||    13
       Dagger            |    27 |    51 |     1 ||    79
 Cast: Flame Tongue      |    59 |    97 |    27 ||   183
  Use: Potion            |       |     3 |     1 ||     4
  Eat: Chunk             |     4 |     8 |     2 ||    14
Armor: Robe              |    15 |    27 |     2 ||    44
Dodge: Dodged            |    56 |    79 |    10 ||   145
